 Dungeon Crawl Stone Soup version 0.26-a0-466-g989023bd0d (webtiles) character file.

Game seed: 14973750448592579971

1000 Ashen the Ogre Mage (level 8, -1/78 HPs)
             Began as an Ogre Hedge Wizard on Aug 9, 2020.
             Was an Initiate of Sif Muna.
             Slain by a sky beast (5 damage)
             ... on level 6 of the Dungeon.
             The game lasted 00:15:40 (6662 turns).

Ashen the Ogre Mage (Ogre Hedge Wizard)             Turns: 6662, Time: 00:15:41

Health: -1/78      AC:  4    Str: 15    XL:     8   Next: 19%
Magic:  15/15      EV: 10    Int: 17    God:    Sif Muna [......]
Gold:   344        SH:  0    Dex:  8    Spells: 8/16 levels left

rFire    x . .     SeeInvis .   y - +2 giant spiked club
rCold    + . .     Faith    .   (shield currently unavailable)
rNeg     . . .     Spirit   .   b - +0 robe
rPois    .         Reflect  .   c - +1 hat
rElec    .         Harm     .   (no cloak)
rCorr    .                      (gloves unavailable)
MR       .....                  (boots unavailable)
Stlth    ++........             (no amulet)
HPRegen  0.23/turn              m - ring of ice
MPRegen  0.14/turn              (no ring)

@: no status effects
A: large, unfitting armour, tough skin 1
a: Renounce Religion


You were on level 6 of the Dungeon.
You worshipped Sif Muna.
Sif Muna was noncommittal.
You visited 2 branches of the dungeon, and saw 7 of its levels.

You collected 344 gold pieces.

Inventory:

Hand Weapons
 d - a +1 mace
 l - a +0 whip
 y - a +2 giant spiked club (weapon)
Missiles
 e - 17 poisoned darts (quivered)
Armour
 b - a +0 robe (worn)
 c - a +1 hat (worn)
Jewellery
 f - an uncursed ring of protection from cold {unknown}
 m - a ring of ice (left hand)
Wands
 s - a wand of acid (4)
 w - a wand of flame (5)
Scrolls
 g - 2 scrolls of identify
 j - 3 scrolls of teleportation
Potions
 a - a potion of might
 i - a potion of invisibility
 k - a potion of ambrosia {unknown}
 n - 4 potions of curing
 q - a potion of stabbing
 u - a potion of flight {unknown}
 v - a potion of magic {unknown}


   Skills:
 + Level 3.8 Fighting
 + Level 2.3 Maces & Flails
 + Level 3.3 Dodging
 + Level 2.8 Stealth
 + Level 4.9 Spellcasting
 + Level 2.6 Conjurations
 + Level 2.4 Summonings
 + Level 2.4 Translocations
 + Level 2.1 Air Magic
 + Level 1.9 Poison Magic


You had 8 spell levels left.
You knew the following spells:

 Your Spells              Type           Power        Failure   Level
a - Magic Dart            Conj           ##..         4%          1
b - Blink                 Tloc           N/A          8%          2
c - Call Imp              Summ           ##......     8%          2
d - Mephitic Cloud        Conj/Pois/Air  ##......     17%         3

Your spell library contained the following spells:

 Spells                   Type           Power        Failure   Level
 Slow                     Hex            #.......     22%         2
 Conjure Flame            Conj/Fire      #.......     26%         3
 Ice Form                 Ice/Tmut       #.......     82%         4
 Metabolic Englaciation   Hex/Ice        #.........   99%         5
 Freezing Cloud           Conj/Ice/Air   ##........   100%        6
 Ozocubu's Refrigeration  Ice            #.........   100%        6
 Simulacrum               Ice/Necr       #.........   100%        6


Dungeon Overview and Level Annotations

Branches:
Dungeon (6/15)             Temple (1/1) D:4

Altars:
Ashenzari
Cheibriados
Dithmenos
Gozag
Kikubaaqudgha
Makhleb
Qazlal
Ru
Sif Muna
Trog
Uskayaw
Vehumet
Wu Jian
Yredelemnul
Zin
The Shining One

Annotations:
D:3 2 transporters
D:6 Edmund


Innate Abilities, Weirdness & Mutations

You are too large for most types of armour.
You have tough skin. (AC +1)


Message History

You closely miss something. Something hits you but does no damage.
You barely miss something. Something hits you. Something shocks you.
Something hits you. Something shocks you.
* * * LOW HITPOINT WARNING * * *
You barely miss something. Something completely misses you.
Something hits you but does no damage.
You closely miss something. Something hits you but does no damage.
You closely miss something. Something hits you but does no damage.
Something hits you.
* * * LOW HITPOINT WARNING * * *
Something shocks you.
* * * LOW HITPOINT WARNING * * *
You miss something. Something hits you.
* * * LOW HITPOINT WARNING * * *
Something shocks you.
* * * LOW HITPOINT WARNING * * *
Something hits you.
* * * LOW HITPOINT WARNING * * *
Something shocks you.
You die...

#### ##### ...# #...#
######## ##.#
#...###......#
#.######............+
#......'...)........#
########............#
###...<......#
#.....@....#
#######{#### ... ####


There were no monsters in sight!

Vanquished Creatures
  Grinder (D:5)
  4 ogres
  A scorpion (D:3)
  A hound (D:2)
  3 orc priests
  An iguana (D:5)
  2 worker ants (D:5)
  Natasha (twice) (D:3)
  An orc wizard (D:3)
  6 adders
  4 gnolls (D:4)
  An ooze (D:1)
  2 worms
  3 dart slugs
  3 leopard geckos
  10 orcs
  6 giant cockroaches
  5 goblins
  7 hobgoblins
  7 jackals
  4 quokkas
  2 bats (D:1)
  7 frilled lizards
  A giant cockroach zombie (D:5)
  3 kobolds (D:1)
  8 rats
95 creatures vanquished.

Vanquished Creatures (collateral kills)
  A worker ant (D:5)
1 creature vanquished.

Grand Total: 96 creatures vanquished

Notes
Turn   | Place    | Note
-------+----------+-------------------------------------------
     0 | D:1      | Ashen the Ogre Hedge Wizard began the quest for the Orb.
     0 | D:1      | Reached XP level 1. HP: 16/16 MP: 5/5
   290 | D:1      | Reached skill level 1 in Conjurations
   374 | D:1      | Reached XP level 2. HP: 14/26 MP: 1/6
   707 | D:1      | Reached skill level 1 in Fighting
   902 | D:1      | Reached XP level 3. HP: 26/33 MP: 5/8
  1278 | D:2      | Reached skill level 1 in Maces & Flails
  1278 | D:2      | Reached skill level 4 in Spellcasting
  1278 | D:2      | Reached XP level 4. HP: 21/42 MP: 5/10
  1320 | D:2      | Learned a level 2 spell: Blink
  1323 | D:2      | Learned a level 2 spell: Call Imp
  1327 | D:2      | Learned a level 3 spell: Mephitic Cloud
  1684 | D:2      | Reached skill level 1 in Translocations
  1787 | D:2      | Reached skill level 1 in Summonings
  1958 | D:2      | Found a hide-covered altar of Uskayaw.
  2082 | D:2      | Reached XP level 5. HP: 49/49 MP: 6/11
  2568 | D:3      | Found a stormy altar of Qazlal.
  2594 | D:3      | Found an ancient bone altar of Kikubaaqudgha.
  2595 | D:3      | Noticed a yak
  2597 | D:3      | Found a transporter.
  2605 | D:3      | Found a transporter.
  3344 | D:3      | Reached skill level 1 in Air Magic
  3344 | D:3      | Reached XP level 6. HP: 31/59 MP: 7/12
  3756 | D:3      | Found an opulent altar of Gozag.
  3757 | D:3      | Found a glowing silver altar of Zin.
  3780 | D:3      | Noticed Natasha
  3788 | D:3      | Killed Natasha
  3824 | D:3      | Noticed Natasha
  3837 | D:3      | Killed Natasha
  3837 | D:3      | Reached skill level 1 in Poison Magic
  4253 | D:4      | Found a sacrificial altar of Ru.
  4253 | D:4      | Found a shattered altar of Ashenzari.
  4356 | D:4      | Found a staircase to the Ecumenical Temple.
  4371 | Temple   | Entered the Ecumenical Temple
  4552 | Temple   | Became a worshipper of Sif Muna the Loreminder
  4750 | D:4      | Reached XP level 7. HP: 41/66 MP: 7/13
  5504 | D:5      | Entered Level 5 of the Dungeon
  6108 | D:5      | Noticed Grinder
  6128 | D:5      | Killed Grinder
  6128 | D:5      | Reached XP level 8. HP: 31/78 MP: 8/15
  6629 | D:6      | Noticed Edmund
  6662 | D:6      | Slain by a sky beast

Illustrated notes

Levels and vault maps discovered:
D:1:      co_arrival_random_square_maze, layout_basic, glass_columns_a,
          minmay_misc_feat_ornament
D:2:      layout_basic, old_standard_altar, kennysheep_generic_room_15
D:3:      layout_loops_corners, grunt_temple_overflow_gold_and_silver,
          gammafunk_temple_overflow_arena, lemuel_doored_altar, uniq_natasha
D:4:      layout_loops_ring, gammafunk_temple_overflow_wave,
          minmay_temple_entry_proselytizer
D:5:      layout_loops_cross, uniq_grinder
D:6:      kennysheep_big_flooded_room, layout_basic, okawaru_ov_weapons_minmay,
          chequers_temple_overflow_statue_of_worship, portal_sewer_entry_e,
          ebering_dispersal_statue_hall, minmay_misc_feat_five,
          grunt_dithmenos_smoke, uniq_edmund, uniq_crazy_yiuf_cottage,
          uniq_prince_ribbit1
Temple:   nicolae_temple_figure_zero

Skill      XL: |  1  2  3  4  5  6  7 |
---------------+----------------------+-----
Conjurations   | 1 2 |  2.6
Dodging        | 2 3 |  3.3
Fighting       | 1 2 3 |  3.8
Maces & Flails | 1 2 |  2.3
Spellcasting   | 4 |  4.9
Translocations | 1 2 |  2.4
Summonings     | 1 2 |  2.4
Stealth        | 2 |  2.8
Air Magic      | 1 2 |  2.1
Poison Magic   | 1 |  1.9

Action                   |  1- 3 |  4- 6 |  7- 9 || total
-------------------------+-------+-------+-------++-------
Melee: Mace              |    79 |   104 |       ||   183
       Giant club        |       |     3 |    44 ||    47
       Giant spiked club |       |       |    40 ||    40
 Cast: Magic Dart        |    29 |   114 |       ||   143
       Mephitic Cloud    |       |     4 |    11 ||    15
       Call Imp          |       |       |     6 ||     6
Evoke: Wand              |       |     4 |       ||     4
  Use: Scroll            |       |     8 |     7 ||    15
       Potion            |       |     2 |       ||     2
 Stab: Sleeping          |     2 |     1 |       ||     3
       Confused          |       |     2 |     2 ||     4
Armor: Robe              |    36 |    24 |    31 ||    91
Dodge: Dodged            |    62 |    63 |    43 ||   168

Table legend: (Time is in decaauts)
 A = Elapsed time spent in this place.
 B = Non-inter-level travel time spent in this place.
 C = Inter-level travel time spent in this place.
 D = Time resting spent in this place.
 E = Time spent auto-exploring this place.
 F = Levels seen in this place.
 G = Mean time per level.
                   A        B        C        D        E       F      G
               +--------+--------+--------+--------+--------+-----+--------+
         Total |   6791 |   6664 |    127 |   1034 |   4506 |   7 |  970.1 |
       Dungeon |   6599 |   6481 |    118 |   1034 |   4330 |   6 | 1099.8 |
        Temple |    191 |    182 |      9 |      0 |    176 |   1 |  191.0 |
               +--------+--------+--------+--------+--------+-----+--------+

Top non-repeatable levels by time:
     D:3: 1798 daAuts
     D:1: 1264 daAuts
     D:2: 1248 daAuts
     D:5: 1130 daAuts
     D:4: 1094 daAuts
  Temple: 191 daAuts
     D:6: 63 daAuts
